 Dungeon Crawl Stone Soup version 0.31-a0-940-gdaa99269f9 (webtiles) character file.

Game seed: 14126029775055984485

51 sammy202020 the Trooper (level 3, 0/24 HPs)
             Began as a Gargoyle Berserker on Oct 21, 2023.
             Was a Believer of Trog.
             Slain by a hobgoblin (1 damage)
             ... led by Robin
             ... on level 2 of the Dungeon.
             The game lasted 00:03:31 (1447 turns).

sammy202020 the Trooper (Gargoyle Berserker)        Turns: 1447, Time: 00:03:31

Health: 0/24       AC:  3    Str: 20    XL:     3   Next: 83%
Magic:  3/3        EV: 12    Int:  9    God:    Trog [**....]
Gold:   56         SH:  0    Dex:  9    Spells: 2/2 levels left

rFire   . . .        a - +0 mace
rCold   . . .        (no shield)
rNeg    + . .        (no body armour)
rPois   ∞            (no helmet)
rElec   +            (no cloak)
rCorr   .            (no gloves)
SInv    .            (no boots)
Will    ++...        (no amulet)
Stlth   +            (no ring)
HPRegen 1.24/turn    (no ring)
MPRegen 0.08/turn

%: no passive effects
@: strong-willed, on berserk cooldown, regenerating, slowed, very slow
A: sickness immunity, AC +3, negative energy resistance 1, electricity
resistance, torment resistance 1, petrification resistance
a: Renounce Religion, Berserk, Trog's Hand


You were on level 2 of the Dungeon.
You worshipped Trog.
Trog was pleased with you.
You visited 1 branch of the dungeon, and saw 2 of its levels.

You collected 56 gold pieces.

Inventory:

Hand Weapons
 a - a +0 mace (weapon)
Armour
 b - a +0 animal skin
Scrolls
 c - a scroll of blinking {unknown}
 d - a scroll of fog {unknown}
 e - 2 scrolls of teleportation {unknown}
 f - a scroll of silence
 h - a scroll of identify {unknown}
Potions
 g - a potion of haste {unknown}
 i - a potion of degeneration {unknown}


   Skills:
 * Level 3.8 Fighting
 * Level 3.5 Maces & Flails
 * Level 2.9 Armour
 + Level 2.0 Dodging


You had 2 spell levels left.
You didn't know any spells.
Your spell library was empty.

Dungeon Overview and Level Annotations

Branches:
Dungeon (2/15)

Altars:

Annotations:
D:2 1 runed translucent door, Crazy Yiuf


Innate Abilities, Weirdness & Mutations

You are immune to sickness and miasma.
Your stone body is resilient. (AC +3)
You are immune to poison.
You resist negative energy. (rN+)
You are resistant to electric shocks. (rElec)
You are resistant to unholy torment.
You are immune to petrification.


Message History

You are exhausted.
You feel yourself slow down. The goblin misses you.
You barely miss the goblin.
The goblin no longer looks unusually strong.
The hobgoblin barely misses you. The goblin closely misses you.
The hobgoblin hits you. The goblin misses you.
You hit the goblin.
The goblin is heavily wounded.
The hobgoblin hits you.
* * * LOW HITPOINT WARNING * * *
The goblin misses you. The hobgoblin closely misses you.
You hit the goblin but do no damage.
The goblin is heavily wounded.
The hobgoblin no longer looks unusually strong.
The goblin barely misses you. The hobgoblin misses you.
The goblin closely misses you.
You sock the goblin!
You kill the goblin!
Trog accepts your kill. The hobgoblin hits you.
* * * LOW HITPOINT WARNING * * *
The hobgoblin hits you.
* * * LOW HITPOINT WARNING * * *
The hobgoblin misses you.
You see here a +0 club.
You see here a +0 dagger.
The hobgoblin hits you.
* * * LOW HITPOINT WARNING * * *
Okay, then.
Your skin crawls.
You feel strong-willed. The hobgoblin hits you.
* * * LOW HITPOINT WARNING * * *
The hobgoblin misses you.
You closely miss the hobgoblin. The hobgoblin hits you.
* * * LOW HITPOINT WARNING * * *
You completely miss the hobgoblin. The hobgoblin hits you.
* * * LOW HITPOINT WARNING * * *
The hobgoblin hits you.
You die...

.......# .......# #.
.......# #. .......# #.
.......# #. .......# #.
###'#..# #. ##.....#
#.####### ##.....#
#.)))g@.# ##.....#
#######.# #.....# #.#
#.....##########.#
#.....#.......##.#
###'#..#.......##.#
.......'.......'..########
.##.####.......#####.....#
.>......÷.........##.###.#


You could see a hobgoblin.

Vanquished Creatures
  Robin (D:2)
  A ball python (D:2)
  2 bats (D:1)
  3 endoplasms
  A giant cockroach (D:1)
  3 goblins (D:2)
  7 hobgoblins
  4 jackals
  3 kobolds
  3 quokkas
  3 frilled lizards
  5 rats
36 creatures vanquished.

Notes
Turn   | Place    | Note
-------+----------+-------------------------------------------
     0 | D:1      | sammy202020 the Gargoyle Berserker began the quest for the
                  | Orb.
     0 | D:1      | Reached XP level 1. HP: 14/14 MP: 1/1
    95 | D:1      | Found a faded altar of an unknown god.
   247 | D:1      | Reached XP level 2. HP: 11/19 MP: 2/2
   986 | D:2      | Reached XP level 3. HP: 6/23 MP: 3/3
  1188 | D:2      | Found a runed translucent door.
  1189 | D:2      | Noticed Crazy Yiuf
  1419 | D:2      | Noticed Robin
  1420 | D:2      | Reached ** piety under Trog
  1432 | D:2      | Killed Robin
  1440 | D:2      | HP: 1/24 [hobgoblin[Robin] (3)]
  1445 | D:2      | HP: 1/24 [hobgoblin[Robin] (2)]
  1447 | D:2      | Slain by a hobgoblin

Illustrated notes

Levels and vault maps discovered:
D:1:      wander_arrival_lonely_grave, layout_loops_corners,
          hellmonk_ecumenical_altar_lost_god, minmay_tromino_i2
D:2:      layout_basic, uniq_crazy_yiuf_cottage, uniq_robin

Skill      XL: |  1  2  3 |
---------------+----------+-----
Dodging        | 2 |  2.0
Fighting       | |  3.8
Maces & Flails | |  3.5
Armour         | |  2.9

Action                     || total
---------------------------++-------
  Melee: Mace              ||   134
         Punch             ||     3
 Invoke: Berserk           ||     2
         Trog's Hand       ||     1
    Use: Scroll            ||     1
 Armour: Skin              ||    89
         Animal skin       ||     2
  Dodge: Dodged            ||   105

Table legend: (Time is in decaauts)
 A = Elapsed time spent in this place.
 B = Non-inter-level travel time spent in this place.
 C = Inter-level travel time spent in this place.
 D = Time resting spent in this place.
 E = Time spent auto-exploring this place.
 F = Levels seen in this place.
 G = Mean time per level.
                   A        B        C        D        E       F      G
               +--------+--------+--------+--------+--------+-----+--------+
         Total |   1489 |   1454 |     35 |     22 |   1119 |   2 |  744.5 |
       Dungeon |   1489 |   1454 |     35 |     22 |   1119 |   2 |  744.5 |
               +--------+--------+--------+--------+--------+-----+--------+

Top non-repeatable levels by time:
     D:1: 971 daAuts
     D:2: 517 daAuts
